 Dungeon Crawl Stone Soup version 0.30-a0-799-g109b55a442 (webtiles) character file.

Game seed: 4094094517299110367

8908 Newt the Spear-Bearer (level 11, -1/71 HPs)
             Began as a Kobold Hunter on Feb 20, 2023.
             Was an Initiate of Gozag.
             Slain by a black mamba (6 damage)
             ... on level 1 of the Lair of Beasts.
             The game lasted 00:12:39 (10826 turns).

Newt the Spear-Bearer (Kobold Hunter)              Turns: 10826, Time: 00:12:39

Health: -1/71      AC: 13    Str: 11    XL:     11   Next: 64%
Magic:  11/11      EV: 14    Int: 10    God:    Gozag
Gold:   2060       SH:  0    Dex: 23    Spells: 10/10 levels left

rFire   + + .      SeeInvis +    o - +5 demon trident "Fuet" {venom, Will+ SInv}
rCold   . . .      Faith    .    (shield currently unavailable)
rNeg    . . .      Spirit   .    h - +3 ring mail "Kosupti" {Rampage Regen+ Dex+2 Stlth+}
rPois   .          Reflect  .    (no helmet)
rElec   .          Harm     .    v - +2 cloak
rCorr   .          Rampage  +    (no gloves)
Will    +....                    (no boots)
Stlth   ++++                     g - amulet of regeneration
HPRegen 1.91/turn                p - ring of protection from fire
MPRegen 0.12/turn                k - ring of protection from fire

@: lethally poisoned (-1 -> -6), studying Short Blades
A: small, no large weapons, nightstalker 3
a: Renounce Religion, Potion Petition, Call Merchant, Bribe Branch


You were on level 1 of the Lair of Beasts.
You worshipped Gozag.
Gozag was most pleased with you.
You visited 2 branches of the dungeon, and saw 10 of its levels.
You also visited: Sewer and Bailey.

You collected 2127 gold pieces.
You paid 67 gold pieces to Gozag.

Inventory:

Hand Weapons
 a - a +2 shortbow of freezing
 o - the +5 demon trident "Fuet" (weapon) {venom, Will+ SInv}
   (You acquired it on level 4 of the Dungeon)

   SInv:      It lets you see invisible.
   Will:      It increases your willpower.
Missiles
 A - 8 throwing nets
Armour
 c - a +1 leather armour
 h - the +3 ring mail "Kosupti" (worn) {Rampage Regen+ Dex+2 Stlth+}
   (You found it on level 3 of the Dungeon)

   Dex:       It affects your dexterity (+2).
   Regen:     It increases your rate of health regeneration.
   Rampage:   It bestows one free step when moving towards enemies.
   Stlth:     It makes you more stealthy.
 v - a +2 cloak (worn)
 F - the +0 crystal plate armour of Vibotor {rElec rPois Str+2 Dex-3}
   (You acquired it on level 8 of the Dungeon)

   Str:       It affects your strength (+2).
   Dex:       It affects your dexterity (-3).
   rElec:     It insulates you from electricity.
   rPois:     It protects you from poison.
Jewellery
 g - an amulet of regeneration (around neck)
 k - a ring of protection from fire (right hand)
 p - a ring of protection from fire (left hand)
 E - a ring of fire
 I - an amulet of magic regeneration
 L - an amulet of the acrobat
Wands
 j - a wand of paralysis (22)
 y - a wand of flame (77)
 D - a wand of quicksilver (24)
 G - a wand of mindburst (12)
 J - a wand of digging (4)
 M - a wand of roots (6)
Scrolls
 b - 2 scrolls of immolation
 f - 4 scrolls of teleportation
 q - 2 scrolls of fear
 r - 4 scrolls of enchant weapon
 t - a scroll of enchant armour
 u - 4 scrolls of amnesia
 B - 3 scrolls of noise {unknown}
 C - 2 scrolls of magic mapping {unknown}
 K - 3 scrolls of identify
Potions
 d - 2 potions of degeneration
 e - 2 potions of curing
 i - a potion of invisibility
 l - 4 potions of haste
 m - a potion of berserk rage
 n - 2 potions of brilliance
 s - 2 potions of flight {unknown}
 w - 4 potions of cancellation {unknown}
 x - a potion of might {unknown}
 z - 3 potions of attraction {unknown}
Miscellaneous
 H - a condenser vane


   Skills:
 - Level 9.0 Fighting
 - Level 10.0 Polearms
 - Level 7.6 Ranged Weapons
 + Level 7.7 Armour
 - Level 2.4 Dodging
 - Level 1.3 Stealth


You had 10 spell levels left.
You didn't know any spells.
Your spell library contained the following spells:

 Spells                   Type           Power      Damage    Failure   Level
 Apportation              Tloc           0%         N/A       63%         1
 Necrotise                Necr           0%         1d4       63%         1
 Summon Small Mammal      Summ           0%         N/A       63%         1
 Portal Projectile        Hex/Tloc       0%         N/A       94%         3
 Tukima's Dance           Hex            0%         N/A       94%         3
 Blade Hands              Tmut           0%         N/A       100%        5


Dungeon Overview and Level Annotations

Branches:
Dungeon (9/15)             Temple (0/1) D:5            Lair (1/5) D:9
  Sewer (visited)          Bailey (visited)
    Orc: D:9-12

Altars:
Dithmenos
Gozag
Makhleb
Nemelex Xobeh
Uskayaw
Yredelemnul
The Shining One

Shops:
D:4 *


Innate Abilities, Weirdness & Mutations

You are small and have problems with some larger weapons.
You are completely attuned to the shadows.


Message History

You are too injured to fight recklessly!
You are too injured to fight recklessly!
You are too injured to fight recklessly!
There are monsters nearby!
Unknown command.
You closely miss the black mamba.
The black mamba is heavily wounded.
You feel extremely sick.
The black mamba bites you but does no damage.
The wolf bites you but does no damage.
You hit the black mamba.
The black mamba is severely wounded.
You feel very sick. The black mamba bites you.
You are more poisoned.
The black mamba poisons you! The wolf closely misses you.
The black mamba misses you. The wolf barely misses you.
A black mamba comes into view.
You closely miss the black mamba.
The black mamba is severely wounded.
* * * LOW HITPOINT WARNING * * *
You feel very sick.
The black mamba hisses angrily.
The black mamba bites you but does no damage.
The wolf closely misses you.
* * * LOW HITPOINT WARNING * * *
You feel extremely sick. The black mamba barely misses you.
The wolf completely misses you. The wolf attacks as you move away!
The wolf completely misses you.
You feel very sick. The black mamba bites you!
* * * LOW HITPOINT WARNING * * *
You are more poisoned.
The black mamba poisons you! The black mamba misses you.
You feel better. The wolf misses you. The black mamba bites you!
* * * LOW HITPOINT WARNING * * *
You are lethally poisoned!
The black mamba poisons you! The black mamba bites you.
You die...
Your body crumbles into a pile of gold.

........#.......#
.......#........#
....####..>.....##
...## .#........#
....# #.....###
..... ##...## $
#.#.####
###..#.###
#P...@SP#
####.Sh?## .....
#≈.....# ......
##≈~≈..... .......
#≈≈≈≈...~ .......
##≈≈≈~≈~≈ <......
##≈≈≈≈≈≈ .......
#......


You could see 2 black mambas and a wolf.

Vanquished Creatures
  A black mamba (Lair:1)
  Maggie (D:7)
  2 komodo dragons (D:9)
  A troll (D:9)
  2 hornets (D:9)
  Prince Ribbit (D:7)
  Grinder (D:4)
  Sigmund (D:6)
  A wraith (D:7)
  4 yaks (D:9)
  4 basilisks (D:9)
  Edmund (D:6)
  Duvessa (D:6)
  An acid dragon (D:9)
  A water moccasin (D:6)
  An orc warrior (D:8)
  3 black bears
  3 ice beasts
  An ogre (D:4)
  4 wolves (Bailey)
  3 phantoms
  4 centaurs
  A kobold brigand (Sewer)
  3 bullfrogs
  2 necrophages
  9 gnoll sergeants
  6 scorpions
  3 wights (D:9)
  Dowan (D:6)
  15 killer bees
  3 jellies
  5 hounds
  6 gnoll boudas (Bailey)
  Crazy Yiuf (D:5)
  5 orc priests
  4 iguanas
  4 orc wizards
  A mummy (D:5)
  22 gnolls
  8 adders
  3 river rats
  A shadow imp (D:5)
  3 white imps
  An ufetubus (D:6)
  5 worms
  3 dart slugs
  28 orcs
  2 bats
  12 endoplasms
  6 giant cockroaches
  10 goblins
  11 hobgoblins
  3 quokkas
  14 ball pythons
  4 frilled lizards
  A hobgoblin zombie (D:5)
  12 kobolds
  2 kobold zombies (D:5)
  2 orc zombies
  16 rats
280 creatures vanquished.

Vanquished Creatures (others)
  An adder (D:5)
  26 fungi
27 creatures vanquished.

Grand Total: 307 creatures vanquished

Notes
Turn   | Place    | Note
-------+----------+-------------------------------------------
     0 | D:1      | Newt the Kobold Hunter began the quest for the Orb.
     0 | D:1      | Reached XP level 1. HP: 12/12 MP: 1/1
    42 | D:1      | Reached XP level 2. HP: 18/18 MP: 2/2
   125 | D:1      | Found a faded altar of an unknown god.
   279 | D:1      | Reached XP level 3. HP: 23/23 MP: 3/3
  1321 | D:2      | Reached XP level 4. HP: 27/30 MP: 4/4
  1403 | D:2      | Found a glowing golden altar of the Shining One.
  2023 | D:3      | Identified the +3 ring mail "Kosupti" {Rampage Regen+ Dex+2
                  | Stlth+}
  2158 | D:3      | Found a sparkling altar of Nemelex Xobeh.
  2160 | D:3      | Found a burning altar of Makhleb.
  2269 | D:3      | Reached skill level 5 in Fighting
  2295 | D:3      | Found a glowing drain.
  2300 | Sewer    | Entered a sewer
  2326 | Sewer    | Reached XP level 5. HP: 35/35 MP: 5/5
  2609 | Sewer    | Noticed a kobold brigand
  2616 | Sewer    | Killed a kobold brigand
  2617 | Sewer    | Reached XP level 6. HP: 37/40 MP: 6/6
  3661 | D:4      | Identified a scroll of acquirement
  3661 | D:4      | Acquired the +5 demon trident "Fuet" {venom, Will+ SInv}
  3815 | D:4      | Reached skill level 1 in Polearms
  3823 | D:4      | Noticed an ogre
  3831 | D:4      | Killed an ogre
  3832 | D:4      | Reached skill level 2 in Polearms
  3832 | D:4      | Reached XP level 7. HP: 44/44 MP: 7/7
  3842 | D:4      | Found an opulent altar of Gozag.
  3842 | D:4      | Found Gozag's Platinum Reserve.
  3859 | D:4      | Became a worshipper of Gozag Ym Sagoz the Greedy
  3986 | D:4      | Reached skill level 3 in Polearms
  4011 | D:4      | Noticed Grinder
  4012 | D:4      | Paralysed by Grinder for 2 turns
  4028 | D:4      | Killed Grinder
  4029 | D:4      | Reached skill level 4 in Polearms
  4380 | D:4      | Reached XP level 8. HP: 49/49 MP: 8/8
  4398 | D:4      | Found a basalt altar of Yredelemnul.
  4690 | D:5      | Entered Level 5 of the Dungeon
  4700 | D:5      | Reached skill level 5 in Polearms
  4770 | D:5      | Found a runed translucent door.
  4773 | D:5      | Noticed Crazy Yiuf
  4779 | D:5      | Killed Crazy Yiuf
  4907 | D:5      | Found a staircase to the Ecumenical Temple.
  4913 | D:5      | Reached skill level 6 in Polearms
  5014 | D:5      | Identified the +6 hand axe of the Grave {speed, Str+3
                  | Int+6}
  5207 | D:5      | Found a transporter.
  5222 | D:5      | Found a transporter.
  5232 | D:5      | Found a shadowy altar of Dithmenos.
  5282 | D:5      | Reached skill level 7 in Polearms
  5282 | D:5      | Reached XP level 9. HP: 54/54 MP: 9/9
  5625 | D:6      | Reached skill level 8 in Polearms
  5667 | D:6      | Noticed Edmund
  5679 | D:6      | Killed Edmund
  5725 | D:6      | Noticed Dowan
  5725 | D:6      | Noticed Duvessa
  5737 | D:6      | Killed Dowan
  5738 | D:6      | Killed Duvessa
  5800 | D:6      | Noticed Sigmund
  5812 | D:6      | Killed Sigmund
  5824 | D:6      | Reached skill level 9 in Polearms
  5914 | D:6      | Found a hide-covered altar of Uskayaw.
  6182 | D:7      | Noticed Maggie
  6192 | D:7      | Killed Maggie
  6193 | D:7      | Reached skill level 10 in Polearms
  6193 | D:7      | Reached XP level 10. HP: 40/59 MP: 10/10
  6212 | D:7      | Found a flagged portal.
  6218 | Bailey   | Entered a bailey
  6268 | Bailey   | HP: 2/59 [gnoll/+0 trident (3)]
  7265 | D:7      | Noticed Prince Ribbit
  7274 | D:7      | Killed Prince Ribbit
  7275 | D:7      | Reached skill level 1 in Armour
  8344 | D:8      | Reached XP level 11. HP: 71/71 MP: 11/11
  8943 | D:8      | Acquired the +0 crystal plate armour of Vibotor {rElec
                  | rPois Str+2 Dex-3}
  9331 | D:9      | Reached skill level 5 in Armour
 10292 | D:9      | Found a staircase to the Lair.
 10653 | Lair:1   | Entered Level 1 of the Lair of Beasts
 10825 | Lair:1   | HP: 3/71 [black mamba (7)]
 10826 | Lair:1   | Slain by a black mamba

Illustrated notes

Levels and vault maps discovered:
D:1:      minmay_arrival_four_circles, layout_basic,
          ebering_ecumenical_altar_ruins, hangedman_glass_teeth
D:2:      layout_loops_corners, basic_altar
D:3:      layout_loops_corners, chequers_temple_overflow_statue_of_worship,
          lightli_sewer_entry_pipes
D:4:      layout_loops_ring, mainiacjoe_overflow_concentric_impassable,
          nicolae_gozag_zags_fifth_avenue, serial_aquarium,
          aquarium_bridge_island_large [aquarium_subvault_large_water,
          aquarium_subvault_window, aquarium_subvault_window,
          aquarium_subvault_bridge, aquarium_subvault_wall],
          aquarium_window_corner, aquarium_window_fake, aquarium_window_2,
          aquarium_view_2d, aquarium_pool_four, nicolae_underground_beach,
          uniq_grinder
D:5:      layout_basic, gammafunk_temple_overflow_arena,
          minmay_temple_entry_statues_pillars, minmay_mini_ossuary,
          uniq_crazy_yiuf_cottage
D:6:      layout_rooms, mainiacjoe_overflow_alcove_1, uniq_sigmund, uniq_edmund,
          uniq_duvessa
D:7:      layout_basic, enter_bailey_2, enter_ossuary_3, uniq_maggie,
          uniq_prince_ribbit1
D:8:      layout_loops_corners
D:9:      layout_loops_ring, erik_lair_dragon
Lair:1:   layout_cave_pods, nicolae_lair_lakeside_cave

Skill      XL: |  1  2  3  4  5  6  7  8  9 10 11 |
---------------+----------------------------------+-----
Fighting       | 3 4 5 9 |  9.0
Ranged Weapons | 7 |  7.6
Polearms       | 2 4 7 10 | 10.0
Armour         | 3 7 |  7.7
Dodging        | |  2.4
Stealth        | |  1.3

Action                     |  1- 3 |  4- 6 |  7- 9 | 10-12 || total
---------------------------+-------+-------+-------+-------++-------
  Melee: Demon trident     |       |    11 |   182 |   424 ||   617
   Fire: Shortbow          |    85 |   137 |       |       ||   222
    Use: Scroll            |     3 |     7 |     4 |     3 ||    17
         Potion            |       |       |     4 |     2 ||     6
   Stab: Sleeping          |       |     5 |    21 |    14 ||    40
         Invisible         |       |       |     3 |       ||     3
         Distracted        |       |       |     2 |     5 ||     7
 Armour: Leather armour    |     6 |     3 |       |       ||     9
         Ring mail         |       |    30 |    34 |   112 ||   176
  Dodge: Dodged            |    23 |    49 |    54 |   270 ||   396

Table legend: (Time is in decaauts)
 A = Elapsed time spent in this place.
 B = Non-inter-level travel time spent in this place.
 C = Inter-level travel time spent in this place.
 D = Time resting spent in this place.
 E = Time spent auto-exploring this place.
 F = Levels seen in this place.
 G = Mean time per level.
                   A        B        C        D        E       F      G
               +--------+--------+--------+--------+--------+-----+--------+
         Total |  11000 |  10603 |    397 |    775 |   8090 |  12 |  916.7 |
       Dungeon |   9386 |   8990 |    396 |    590 |   7031 |   9 | 1042.9 |
          Lair |    170 |    170 |      0 |      0 |    148 |   1 |  170.0 |
         Sewer |    753 |    753 |      0 |      0 |    620 |   1 |  753.0 |
        Bailey |    690 |    690 |      0 |    185 |    291 |   1 |  690.0 |
               +--------+--------+--------+--------+--------+-----+--------+

Top non-repeatable levels by time:
     D:8: 1442 daAuts
     D:9: 1314 daAuts
     D:3: 1190 daAuts
     D:4: 1042 daAuts
     D:1: 1030 daAuts
     D:7: 981 daAuts
     D:2: 964 daAuts
     D:5: 850 daAuts
   Sewer: 753 daAuts
  Bailey: 690 daAuts
     D:6: 569 daAuts
  Lair:1: 170 daAuts
